3AAA
PENNSAUKEN FLYERS @ HOUSTON BC
09/05/2038
 
TOP OF THE 1ST
Pennsauken Flyers batting - Pitching for Houston BC : RHP Jesús Franco
Pitching: RHP Jesús Franco
Batting: LHB Dana Waldrip 0-0: Called Strike
0-1: SINGLE (Groundball, 56D, EV 102.5 MPH)
Batting: RHB Arturo Annunziato 0-0: Called Strike
0-1: Ball
1-1: Swinging Strike
1-2: Strikes out swinging
Pitching: RHP Salvador Villegas
Batting: LHB Rafael Barrueco 0-0: Ball
1-0: Fly out, F6 (Popup, 6M, EV 59.4 MPH)
Batting: RHB Carl Herbert 0-0: Called Strike
0-1: Ball
1-1: Ball
2-1: Foul Ball, location: 2F
2-2: Strikes out looking
Top of the 1st over - 0 runs, 1 hit, 0 errors, 1 left on base; Pennsauken 0 - Houston 0
BOTTOM OF THE 1ST
Houston BC batting - Pitching for Pennsauken Flyers : RHP Cristóbal Román
Pitching: RHP Cristóbal Román
Batting: LHB Jesús Hernández 0-0: Ground out 6-3 (Groundball, 6M, EV 101.9 MPH)
Batting: SHB Toby Sutton 0-0: Fly out, F4 (Line Drive, 4, EV 65.6 MPH)
Batting: RHB Walt Miller 0-0: Ball
1-0: Ball
2-0: Ground out U3 (Groundball, 34, EV 84.4 MPH)
Bottom of the 1st over - 0 runs, 0 hits, 0 errors, 0 left on base; Pennsauken 0 - Houston 0
TOP OF THE 2ND
Pennsauken Flyers batting - Pitching for Houston BC : RHP Salvador Villegas
Batting: LHB Michael Cochran 0-0: Ball
1-0: Swinging Strike
1-1: Ball
2-1: Swinging Strike
2-2: Strikes out swinging
Batting: RHB Juan Mata 0-0: Called Strike
0-1: Ball
1-1: Called Strike
1-2: Ball
2-2: Foul Ball, location: 2F
2-2: Fly out, F9 (Line Drive, 9, EV 84.4 MPH)
Batting: LHB Will Lee 0-0: Foul Ball, location: 2F
0-1: Ball
1-1: Ball
2-1: Foul Ball, location: 2F
2-2: Foul Ball, location: 2F
2-2: SOLO HOME RUN (Flyball, 9D, EV 103.1 MPH), Distance : 372 ft
Batting: RHB Sixto Estrada 0-0: Fly out, F7 (Flyball, 78S, EV 87.5 MPH)
Top of the 2nd over - 1 run, 1 hit, 0 errors, 0 left on base; Pennsauken 1 - Houston 0
BOTTOM OF THE 2ND
Houston BC batting - Pitching for Pennsauken Flyers : RHP Cristóbal Román
Batting: RHB Bailey Gribbins 0-0: Foul Ball, location: 2F
0-1: Ground out 6-3 (Groundball, 6S, EV 83.1 MPH)
Batting: RHB Mike Howard 0-0: Ball
1-0: Fly out, F8 (Flyball, 8LD, EV 91.2 MPH)
Batting: RHB Robby Arnold 0-0: Ball
1-0: SINGLE (Line Drive, 6D, EV 101.2 MPH)
Batting: RHB Daniel Lindsey 0-0: Called Strike
0-1: Fly out, F3 (Popup, 23F, EV 78.8 MPH)
Bottom of the 2nd over - 0 runs, 1 hit, 0 errors, 1 left on base; Pennsauken 1 - Houston 0
TOP OF THE 3RD
Pennsauken Flyers batting - Pitching for Houston BC : RHP Salvador Villegas
Batting: RHB Tomás Gonzáles 0-0: Ball
1-0: Ball
2-0: Ball
3-0: Base on Balls
Batting: LHB Dana Waldrip 0-0: Called Strike
0-1: DOUBLE (Flyball, 89D, EV 90.0 MPH)
Tomás Gonzáles to third
Batting: RHB Arturo Annunziato 0-0: Ball
1-0: Called Strike
1-1: Ball
2-1: Ball
3-1: Called Strike
3-2: Foul Ball, location: 2F
3-2: Base on Balls
Batting: LHB Rafael Barrueco 0-0: Foul Ball, location: 2F
0-1: Fly out, F7 (Flyball, 78S, EV 83.8 MPH)
Batting: RHB Carl Herbert 0-0: Called Strike
0-1: Ball
1-1: Foul Ball, location: 2F
1-2: Foul Ball, location: 2F
1-2: Strikes out looking
Batting: LHB Michael Cochran 0-0: Called Strike
0-1: Swinging Strike
0-2: Strikes out swinging
Top of the 3rd over - 0 runs, 1 hit, 0 errors, 3 left on base; Pennsauken 1 - Houston 0
BOTTOM OF THE 3RD
Houston BC batting - Pitching for Pennsauken Flyers : RHP Cristóbal Román
Batting: RHB Brodie Floyd 0-0: Called Strike
0-1: Called Strike
0-2: Foul Ball, location: 2F
0-2: Ball
1-2: Strikes out swinging
Batting: RHB Ramón Robles 0-0: Called Strike
0-1: Ball
1-1: Ball
2-1: SINGLE (Line Drive, 78S, EV 105.0 MPH)
Batting: LHB Jesús Hernández 0-0: Called Strike
0-1: Ball
1-1: Ball
2-1: Fielders Choice at 2nd, 1-6 (Groundball, P, EV 88.8 MPH)
Batting: SHB Toby Sutton 0-0: Called Strike
0-1: Ball
1-1: SINGLE (Groundball, 4D, EV 98.1 MPH)
Jesús Hernández to second
Runner from 2nd tries for 3rd, SAFE, no throw by CF
Batting: RHB Walt Miller 0-0: Ball
1-0: Foul Ball, location: 2F
1-1: Ball
2-1: Reached on error, E4 (Popup, 4, EV 76.9 MPH)
Jesús Hernández scores
Toby Sutton to second
Batting: RHB Bailey Gribbins 0-0: Foul Ball, location: 2F
0-1: Foul Ball, location: 2F
0-2: Foul Ball, location: 2F
0-2: Foul Ball, location: 2F
0-2: Ball
1-2: Ball
2-2: Ball
3-2: Foul Ball, location: 2F
3-2: Foul Ball, location: 2F
3-2: SINGLE (Line Drive, 5, EV 60.6 MPH) (infield hit)
Toby Sutton to third
Walt Miller to second
Batting: RHB Mike Howard 0-0: Ball
1-0: Foul Ball, location: 2F
1-1: Ball
2-1: Ball
3-1: Fielders Choice at 2nd, 5-4 (Groundball, 56, EV 101.9 MPH)
Bottom of the 3rd over - 1 run, 3 hits, 1 error, 3 left on base; Pennsauken 1 - Houston 1
TOP OF THE 4TH
Pennsauken Flyers batting - Pitching for Houston BC : RHP Salvador Villegas
Batting: RHB Juan Mata 0-0: Called Strike
0-1: Fly out, F8 (Flyball, 8RM, EV 88.8 MPH)
Batting: LHB Will Lee 0-0: Ball
1-0: Foul Ball, location: 2F
1-1: Ball
2-1: Foul Ball, location: 2F
2-2: Foul Ball, location: 2F
2-2: Ball
3-2: Foul Ball, location: 2F
3-2: Fly out, F9 (Flyball, 89M, EV 88.1 MPH)
Batting: RHB Sixto Estrada 0-0: Fly out, F8 (Flyball, 78D, EV 86.9 MPH)
Top of the 4th over - 0 runs, 0 hits, 0 errors, 0 left on base; Pennsauken 1 - Houston 1
BOTTOM OF THE 4TH
Houston BC batting - Pitching for Pennsauken Flyers : RHP Cristóbal Román
Batting: RHB Robby Arnold 0-0: Ball
1-0: Ball
2-0: Swinging Strike
2-1: Called Strike
2-2: Foul Ball, location: 2F
2-2: Ground out 4-3 (Groundball, 4, EV 87.5 MPH)
Batting: RHB Daniel Lindsey 0-0: Ball
1-0: DOUBLE (Line Drive, 9LS, EV 109.4 MPH)
Batting: RHB Brodie Floyd 0-0: Called Strike
0-1: Ball
1-1: Ball
2-1: Swinging Strike
2-2: Foul Ball, location: 2F
2-2: Foul Ball, location: 2F
2-2: Ball
3-2: Ground out 6-3 (Groundball, 6M, EV 97.5 MPH)
Daniel Lindsey to third
Batting: RHB Ramón Robles 0-0: Ball
1-0: Ground out 5-3 (Groundball, 5, EV 78.8 MPH)
Bottom of the 4th over - 0 runs, 1 hit, 0 errors, 1 left on base; Pennsauken 1 - Houston 1
TOP OF THE 5TH
Pennsauken Flyers batting - Pitching for Houston BC : RHP Salvador Villegas
Batting: RHB Tomás Gonzáles 0-0: Ball
1-0: Called Strike
1-1: Foul Ball, location: 2F
1-2: Ball
2-2: Strikes out swinging
Batting: LHB Dana Waldrip 0-0: Called Strike
0-1: Called Strike
0-2: Ball
1-2: Ground out 4-3 (Groundball, 4, EV 94.4 MPH)
Batting: RHB Arturo Annunziato 0-0: SINGLE (Line Drive, 34, EV 97.5 MPH)
Pitching: RHP Curt Orser
Batting: LHB Rafael Barrueco 0-0: Ball
1-0: Called Strike
Arturo Annunziato is caught stealing 2nd base 2-6
Top of the 5th over - 0 runs, 1 hit, 0 errors, 0 left on base; Pennsauken 1 - Houston 1
BOTTOM OF THE 5TH
Houston BC batting - Pitching for Pennsauken Flyers : RHP Cristóbal Román
Batting: LHB Jesús Hernández 0-0: Ball
1-0: Foul Ball, location: 2F
1-1: SINGLE (Groundball, 4D, EV 101.9 MPH)
Batting: SHB Toby Sutton 0-0: Called Strike
0-1: Foul Ball, location: 2F
0-2: Ball
1-2: Strikes out swinging
Batting: RHB Walt Miller 0-0: Ball
Jesús Hernández steals 2nd, throwing error, E2
Jesús Hernández to third
1-0: Called Strike
1-1: Foul Ball, location: 2F
1-2: SINGLE (Groundball, 56D, EV 105.6 MPH)
Jesús Hernández scores
Batting: RHB Bailey Gribbins 0-0: Fielders Choice at 2nd, 1-4 (Groundball, P, EV 92.5 MPH)
Batting: RHB Mike Howard 0-0: Swinging Strike
0-1: Swinging Strike
0-2: Ball
1-2: Ball
2-2: Ball
3-2: Ground out 6-3 (Groundball, 6, EV 107.5 MPH)
Bottom of the 5th over - 1 run, 2 hits, 1 error, 1 left on base; Pennsauken 1 - Houston 2
TOP OF THE 6TH
Pennsauken Flyers batting - Pitching for Houston BC : RHP Curt Orser
Batting: LHB Rafael Barrueco 0-0: Ground out 1-3 (Groundball, 34S, EV 75.0 MPH)
Batting: RHB Carl Herbert 0-0: Called Strike
0-1: Called Strike
0-2: Foul Ball, location: 2F
0-2: Foul Ball, location: 2F
0-2: Foul Ball, location: 2F
0-2: Strikes out swinging
Batting: LHB Michael Cochran 0-0: Ball
1-0: Swinging Strike
1-1: Foul Ball, location: 2F
1-2: Ball
2-2: Ball
3-2: Foul Ball, location: 2F
3-2: SINGLE (Line Drive, 6D, EV 99.4 MPH)
Batting: RHB Juan Mata 0-0: Called Strike
Michael Cochran steals 2nd base
0-1: Ball
1-1: Ball
2-1: Fly out, F7 (Flyball, 78M, EV 78.8 MPH)
Top of the 6th over - 0 runs, 1 hit, 0 errors, 1 left on base; Pennsauken 1 - Houston 2
BOTTOM OF THE 6TH
Houston BC batting - Pitching for Pennsauken Flyers : RHP Cristóbal Román
Pitching: RHP Dong-hua Hao
Batting: RHB Robby Arnold 0-0: Foul Ball, location: 2F
0-1: Ball
1-1: SINGLE (Flyball, 89S, EV 93.8 MPH)
Batting: RHB Daniel Lindsey 0-0: Ball
Robby Arnold is caught stealing 2nd base 2-4
1-0: Foul Ball, location: 2F
1-1: Ball
2-1: Called Strike
2-2: Reached on error, E5 (Groundball, 56S, EV 82.5 MPH)
Batting: RHB Brodie Floyd 0-0: Ball
1-0: Called Strike
1-1: Ball
2-1: Foul Ball, location: 2F
2-2: Ground out 5-3 (Groundball, 5L, EV 86.2 MPH)
Batting: RHB Ramón Robles 0-0: Called Strike
0-1: Ball
1-1: Ball
2-1: SINGLE (Groundball, 6MD, EV 99.4 MPH)
Daniel Lindsey to third
Runner from 3rd tries for Home, SAFE, throw by CF to home
Batting: LHB Jesús Hernández 0-0: Ball
1-0: Ball
Ramón Robles steals 2nd base
2-0: Foul Ball, location: 2F
2-1: Ball
3-1: Base on Balls
Batting: SHB Toby Sutton 0-0: Called Strike
0-1: Foul Ball, location: 2F
0-2: Ball
1-2: Ball
2-2: Foul Ball, location: 2F
2-2: Foul Ball, location: 2F
2-2: Foul Ball, location: 2F
2-2: Ball
3-2: Fly out, F8 (Line Drive, 8RD, EV 96.2 MPH)
Bottom of the 6th over - 1 run, 2 hits, 1 error, 2 left on base; Pennsauken 1 - Houston 3
TOP OF THE 7TH
Pennsauken Flyers batting - Pitching for Houston BC : RHP Curt Orser
Batting: LHB Will Lee 0-0: Ball
1-0: Foul Ball, location: 2F
1-1: Ball
2-1: Fly out, F8 (Flyball, 8RXD, EV 90.6 MPH)
Batting: RHB Sixto Estrada 0-0: SINGLE (Flyball, 89M, EV 90.0 MPH)
Batting: RHB Tomás Gonzáles 0-0: Ball
1-0: Ball
2-0: Foul Ball, location: 2F
2-1: Called Strike
2-2: Strikes out swinging
Batting: LHB Dana Waldrip 0-0: Called Strike
0-1: Foul Ball, location: 2F
0-2: Ball
1-2: Ball
2-2: Strikes out looking
Top of the 7th over - 0 runs, 1 hit, 0 errors, 1 left on base; Pennsauken 1 - Houston 3
BOTTOM OF THE 7TH
Houston BC batting - Pitching for Pennsauken Flyers : RHP Dong-hua Hao
Batting: RHB Walt Miller 0-0: Ball
1-0: Ball
2-0: Ball
3-0: Called Strike
3-1: Fly out, F4 (Line Drive, 4, EV 68.8 MPH)
Batting: RHB Bailey Gribbins 0-0: Ball
1-0: Fly out, F7 (Flyball, 7D, EV 98.8 MPH)
Batting: RHB Mike Howard 0-0: Ground out 6-3 (Groundball, 6, EV 101.9 MPH)
Bottom of the 7th over - 0 runs, 0 hits, 0 errors, 0 left on base; Pennsauken 1 - Houston 3
TOP OF THE 8TH
Pennsauken Flyers batting - Pitching for Houston BC : RHP Curt Orser
Now in LF: William Luna
Batting: RHB Arturo Annunziato 0-0: Called Strike
0-1: SINGLE (Groundball, 34S, EV 69.4 MPH) (infield hit)
Pitching: LHP Abdul-Nasir Rabah
Batting: LHB Rafael Barrueco 0-0: Ball
1-0: Ball
2-0: Foul Ball, location: 2F
2-1: Called Strike
2-2: Fly out, F9 (Flyball, 9D, EV 103.1 MPH)
Batting: RHB Carl Herbert 0-0: SINGLE (Line Drive, 34, EV 95.0 MPH)
Arturo Annunziato to second
Pinch Hitting: RHB Leo Cadden 0-0: Ball
1-0: Ball
2-0: Foul Ball, location: 2F
2-1: Foul Ball, location: 2F
2-2: Strikes out swinging
Batting: RHB Juan Mata 0-0: Ball
1-0: Called Strike
1-1: Called Strike
1-2: Ball
2-2: Foul Ball, location: 2F
2-2: Foul Ball, location: 2F
2-2: Foul Ball, location: 2F
2-2: Strikes out swinging
Top of the 8th over - 0 runs, 2 hits, 0 errors, 2 left on base; Pennsauken 1 - Houston 3
BOTTOM OF THE 8TH
Houston BC batting - Pitching for Pennsauken Flyers : RHP Dong-hua Hao
Now at 1B: Leo Cadden
Batting: RHB Robby Arnold 0-0: Called Strike
0-1: Swinging Strike
0-2: Strikes out looking
Batting: RHB Daniel Lindsey 0-0: Ball
1-0: Called Strike
1-1: Foul Ball, location: 2F
1-2: Ball
2-2: Ground out 6-3 (Groundball, 6, EV 106.2 MPH)
Batting: RHB Brodie Floyd 0-0: Ball
1-0: Ball
2-0: Foul Ball, location: 2F
2-1: Swinging Strike
2-2: Ground out 5-3 (Groundball, 56S, EV 65.6 MPH)
Bottom of the 8th over - 0 runs, 0 hits, 0 errors, 0 left on base; Pennsauken 1 - Houston 3
TOP OF THE 9TH
Pennsauken Flyers batting - Pitching for Houston BC : LHP Abdul-Nasir Rabah
Pitching: RHP Júlio Rodríguez
Now in RF: Cal MacKim
Batting: LHB Will Lee 0-0: Called Strike
0-1: Called Strike
0-2: Ball
1-2: Strikes out swinging
Batting: RHB Sixto Estrada 0-0: Ball
1-0: Ball
2-0: SINGLE (Groundball, 4D, EV 111.2 MPH)
Pinch Hitting: LHB Arana Sashi 0-0: Called Strike
0-1: Ball
1-1: Called Strike
1-2: Fielders Choice at 2nd, 1-6 (Groundball, 34S, EV 69.4 MPH)
Batting: LHB Dana Waldrip 0-0: Ball
1-0: DOUBLE (Line Drive, 5D, EV 94.4 MPH)
Arana Sashi to third
Batting: RHB Arturo Annunziato 0-0: Ball
1-0: Ball
2-0: Called Strike
2-1: SINGLE (Groundball, 6M, EV 100.0 MPH) (infield hit)
Arana Sashi scores
Dana Waldrip to third
Batting: LHB Rafael Barrueco 0-0: Foul Ball, location: 2F
0-1: Swinging Strike
0-2: Foul Ball, location: 2F
0-2: Foul Ball, location: 2F
0-2: Ball
1-2: Strikes out swinging
Top of the 9th over - 1 run, 3 hits, 0 errors, 2 left on base; Pennsauken 2 - Houston 3
Friday, April 17th, 2020 - OOTP Baseball 20.8 Build 74